 Dungeon Crawl Stone Soup version bcrawl-1.40.3b (webtiles) character file.

Game seed: 14168130065662361821

234365 Gargoyl the Chopper (level 7, -6/61 HPs)
             Began as a Centaur Abyssal Knight on Dec 2, 2023.
             Was a Priest of Lugonu.
             Mangled by an ogre
             ... wielding a cursed -2 giant club
              (10 damage)
             ... on level 5 of the Dungeon.
             The game lasted 00:06:31 (4011 turns).

Gargoyl the Chopper (Centaur Abyssal Knight)        Turns: 4011, Time: 00:06:31

Health: -6/61      AC:  8    Str: 19    XL:     7   Next: 70%
Magic:  8/8        EV:  6    Int: 10    God:    Lugonu [***...]
Gold:   431        SH:  0    Dex: 17    Spells: 6/6 levels left

rFire    . . .     GDR:     32% a - +1 war axe
rCold    . . .     SeeInvis .   (no shield)
rNeg     . . .     Gourm    .   g - +0 chain mail
rPois    .         Faith    .   (no helmet)
rElec    +         Spirit   .   (no cloak)
rCorr    .         Reflect  .   (no gloves)
MR       .....                  (no barding)
Stlth    ..........             (no amulet)
HPRegen  0.20/turn              b - ring of insulation
MPRegen  0.11/turn              f - +7 ring of dexterity

@: very quick
A: large, hooves 3, deformed body, herbivore, speed 2, tough skin 3
a: Depart the Abyss, Bend Space, Banish, Renounce Religion


You were on level 5 of the Dungeon.
You worshipped Lugonu.
Lugonu was most pleased with you.
You were not hungry.

You visited 1 branch of the dungeon, and saw 5 of its levels.
You visited the Abyss 1 time.
You also visited: Sewer.

You collected 431 gold pieces.

Inventory:

Hand Weapons
 a - a +1 war axe (weapon)
Missiles
 c - 735 stones
 h - 78 poisoned needles (quivered)
Armour
 g - a +0 chain mail (worn)
Jewellery
 b - a ring of insulation (left hand)
 f - a +7 ring of dexterity (right hand)
Scrolls
 d - 2 scrolls of blinking
 j - 3 scrolls of teleportation
Potions
 i - 3 potions of flight
Comestibles
 e - 8 rations {!d}


   Skills:
 + Level 5.6 Fighting
 + Level 7.1 Axes
 + Level 1.1 Throwing
 + Level 4.0 Armour
 + Level 1.3 Dodging
 + Level 0.1 Stealth
 + Level 2.1 Invocations


You had 6 spell levels left.
You didn't know any spells.
Your spell library was empty.

Dungeon Overview and Level Annotations

Branches:
Dungeon (5/12)             Temple (0/1) D:4

Altars:
Qazlal
Wu Jian

Annotations:
D:4 1 runed door


Innate Abilities, Weirdness & Mutations

You have hooves in place of feet.
Armour fits poorly on your strangely shaped body.
You are a herbivore.
You cover ground very quickly.
You have extremely tough skin. (AC +3)


Message History

You barely miss the ogre. You kick the ogre.
The ogre is lightly wounded.
An ogre comes into view. It is wielding a +0 giant spiked club.
The ogre hits you with a cursed -2 giant club!!
The ogre shouts!
You hit the ogre.
Space bends around the ogre.
Your kick misses the ogre.
The ogre is heavily wounded.
It was a potion of curing.
You feel better.
The ogre hits you with a cursed -2 giant club!
You closely miss the ogre.
The ogre is heavily wounded.
The ogre barely misses you.
Your chain mail prevents you from hitting the ogre.
The ogre is heavily wounded.
The ogre hits you with a cursed -2 giant club!!
* * * LOW HITPOINT WARNING * * *
Your chain mail prevents you from hitting the ogre.
The ogre is heavily wounded.
The ogre hits you with a cursed -2 giant club!
You die...

.##.##..#.###.#
....##.##..##.#
######.###.##.# # #.#
#.##.# ## #.###.##.# .##
#........# ..##
###.#.####
...####....##########...
...+............@OOZ....
...####....##########...
..## ##.#.# .## ###.##
## ###.#.## # #..###.#
#.#.#.## #.##.## #
#.####


You could see 2 ogres and a quokka skeleton.

Vanquished Creatures
  A water moccasin (D:4)
  A black bear (D:5)
  5 orc priests
  A hound (D:4)
  2 orc wizards
  A bullfrog skeleton (D:4)
  Natasha (D:4)
  3 worker ants
  A merfolk avatar (Sewer)
  A merfolk siren (Sewer)
  2 worker ant zombies (D:5)
  5 adders
  3 river rats (Sewer)
  3 oozes
  An adder skeleton (D:4)
  3 worms
  4 leopard geckos
  11 orcs
  7 ball pythons
  3 bats
  6 giant cockroaches
  3 goblins
  2 hobgoblins
  3 jackals (D:3)
  8 frilled lizards
  4 kobolds
  A quokka skeleton (D:3)
  29 rats
115 creatures vanquished.

Notes
Turn   | Place    | Note
-------+----------+-------------------------------------------
     0 | Abyss:1  | Gargoyl the Centaur Abyssal Knight began the quest for the
                  | Orb.
     0 | Abyss:1  | Reached XP level 1. HP: 19/19 MP: 2/2
    76 | Abyss:1  | Noticed a quasit
    78 | D:1      | Escaped the Abyss
   177 | D:1      | Reached * piety under Lugonu
   192 | D:1      | Reached XP level 2. HP: 27/27 MP: 3/3
  1303 | D:2      | Reached XP level 3. HP: 31/33 MP: 4/4
  1562 | D:3      | Reached skill level 3 in Axes
  1562 | D:3      | Reached XP level 4. HP: 37/41 MP: 5/5
  1634 | D:3      | Reached skill level 4 in Axes
  1735 | D:3      | Reached ** piety under Lugonu
  1789 | D:3      | Found a glowing drain.
  1793 | D:3      | Reached XP level 5. HP: 45/47 MP: 6/6
  1800 | Sewer    | Entered a sewer
  2070 | Sewer    | Reached *** piety under Lugonu
  2117 | Sewer    | Reached skill level 5 in Axes
  2514 | D:3      | Reached XP level 6. HP: 55/55 MP: 7/7
  2666 | D:4      | Found a staircase to the Ecumenical Temple.
  2827 | D:4      | Reached skill level 5 in Fighting
  2827 | D:4      | Reached skill level 1 in Dodging
  2875 | D:4      | Found a runed door.
  2987 | D:4      | Noticed a water moccasin
  2996 | D:4      | Killed a water moccasin
  2997 | D:4      | Reached skill level 6 in Axes
  3186 | D:4      | Noticed Natasha
  3198 | D:4      | Killed Natasha
  3199 | D:4      | Reached XP level 7. HP: 49/61 MP: 8/8
  3541 | D:5      | Entered Level 5 of the Dungeon
  3917 | D:5      | Reached skill level 7 in Axes
  3935 | D:5      | Found an ornate altar of the Wu Jian Council.
  3935 | D:5      | Found a stormy altar of Qazlal.
  4011 | D:5      | Mangled by an ogre

Skill      XL: |  1  2  3  4  5  6  7 |
---------------+----------------------+-----
Fighting       | 4 5 |  5.6
Armour         | 2 3 4 |  4.0
Axes           | 3 4 5 6 7 |  7.1
Dodging        | 1 |  1.3
Throwing       | |  1.1
Stealth        | |  0.1
Invocations    | |  2.1

Action                   |  1- 3 |  4- 6 |  7- 9 || total
-------------------------+-------+-------+-------++-------
Melee: War axe           |    55 |   137 |    34 ||   226
       Kick              |    11 |    34 |     8 ||    53
Invok: Depart the Abyss  |     1 |       |       ||     1
  Use: Scroll            |     6 |       |     1 ||     7
       Potion            |       |     1 |     1 ||     2
  Eat: Ration            |     1 |     2 |     1 ||     4
Armor: Chain mail        |    31 |    81 |    13 ||   125
       Ring mail         |     3 |       |       ||     3
Dodge: Dodged            |    17 |    39 |    11 ||    67
